 Dungeon Crawl Stone Soup version 0.31.0-11-ge490571c62 (webtiles) character file.

Game seed: 1480560434020421126

3423 Ashen the Ruffian (level 9, -3/61 (63) HPs)
             Began as a Troll Shapeshifter on Jan 31, 2024.
             Was a Priest of Makhleb.
             Shot with an arrow by a centaur (11 damage)
             ... on level 7 of the Dungeon.
             The game lasted 00:16:04 (5361 turns).

Ashen the Ruffian (Troll Shapeshifter)              Turns: 5361, Time: 00:16:04

HP:   -3/61 (63)    AC:  3    Str: 24    XL:     9   Next: 76%
MP:   8/8           EV: 11    Int:  6    God:    Makhleb [***...]
Gold: 407           SH:  0    Dex: 13    Spells: 8/8 levels left

rFire   . .          .
                       - Unarmed
rCold   . . .        (shield currently unavailable)
rNeg    . . .        D - +0 troll leather armour
rPois   .            (helmet restricted)
rElec   .            k - +0 cloak
rCorr   .            (gloves unavailable)
SInv    .            (boots unavailable)
Will    .....        (no amulet)
Stlth   +            (no ring)
HPRegen 1.90/turn    (no ring)
MPRegen 0.11/turn

%: no passive effects
@: blade hands, lightly drained
A: reduced hp, large, unfitting armour, (claws 3), regeneration 1, shaggy fur 1,
tough skin 1
a: Begin Untransformation, Renounce Religion, Minor Destruction, Lesser Servant
of Makhleb


You were on level 7 of the Dungeon.
You worshipped Makhleb.
Makhleb was most pleased with you.
You had blades for hands.
You visited 2 branches of the dungeon, and saw 8 of its levels.

You collected 407 gold pieces.

Inventory:

Missiles
 y - 3 throwing nets (quivered)
Armour
 k - a +0 cloak (worn)
 D - a +0 troll leather armour (worn)
Jewellery
 s - a ring of ice
 v - an amulet of magic regeneration
Talismans
 c - a beast talisman
 d - a flux talisman
 x - a blade talisman (active)
Wands
 e - a wand of light (6)
 q - a wand of mindburst (14)
 B - a wand of digging (6)
 C - a wand of flame (28)
Scrolls
 f - 5 scrolls of identify {unknown}
 g - 6 scrolls of teleportation {unknown}
 i - 2 scrolls of fear {unknown}
 j - 3 scrolls of blinking {unknown}
 l - 3 scrolls of immolation
 n - a scroll of vulnerability {unknown}
 p - 2 scrolls of revelation {unknown}
 u - a scroll of brand weapon {unknown}
 z - a scroll of fog {unknown}
Potions
 a - a potion of brilliance {unknown}
 b - 2 potions of lignification
 h - a potion of heal wounds {unknown}
 m - 5 potions of curing {unknown}
 o - 2 potions of cancellation {unknown}
 r - a potion of haste {unknown}
 t - a potion of attraction {unknown}
 w - a potion of degeneration {unknown}
 A - 5 potions of enlightenment {unknown}


   Skills:
 + Level 5.8 Fighting
 + Level 6.0 Dodging
 + Level 7.6 Unarmed Combat
 + Level 7.1 Shapeshifting


You had 8 spell levels left.
You didn't know any spells.
Your spell library contained the following spells:

 Spells                   Type           Power      Damage    Failure   Level
 Apportation              Tloc           0%         N/A       50%         1
 Necrotise                Necr           0%         1d4       50%         1
 Shock                    Conj/Air       0%         1d3       50%         1
 Sting                    Conj/Alch      0%         1d3       50%         1
 Summon Small Mammal      Summ           0%         N/A       50%         1
 Hailstorm                Conj/Ice       0%         3d5       86%         3
 Summon Ice Beast         Ice/Summ       0%         N/A       86%         3
 Swiftness                Air            0%         N/A       86%         3
 Airstrike                Air            0%         2d(0-16)  99%         4
 Sculpt Simulacrum        Ice/Alch       0%         N/A       100%        6
 Haunt                    Necr/Summ      0%         N/A       100%        7
 Borgnjor's Revivificati  Necr           0%         N/A       100%        8
 Death's Door             Necr           0%         N/A       100%        9


Dungeon Overview and Level Annotations

Branches:
Dungeon (7/15)             Temple (1/1) D:7

Altars:
Ashenzari
Cheibriados
Dithmenos
Elyvilon
Fedhas
Gozag
Hepliaklqana
Kikubaaqudgha
Makhleb
Nemelex Xobeh
Qazlal
Ru
Sif Muna
Trog
Uskayaw
Vehumet
Wu Jian
Xom
Yredelemnul
Zin


Innate Abilities, Weirdness & Mutations

You have blades for hands.
Your maximum health is decreased, since you lack skill for your form.
You are incapable of wielding weapons or throwing items.
You are too large for most types of armour.
((You have claws for hands.))
Your natural rate of healing is unusually fast.
You are covered in fur. (AC +1)
You have tough skin. (AC +1)


Message History

You climb downwards.
There is a stone staircase leading up, spattered with blood here.
No target in view!
Things that are here:
a +0 robe; a +2 great sword The wight completely misses you.
Things that are here:
a +0 robe; a +4 scimitar You slash the wight!
The wight is severely damaged.
You slice the wight!!
You destroy the wight!
Makhleb accepts your kill.
Things that are here:
a +0 halberd; a +0 robe A centaur comes into view.
Found a scroll labelled VUROITZ LEZA.
Found a stone staircase leading down.
The centaur shouts!
You hear a shout! x2
The centaur wields a +0 orcbow.
The centaur shoots an arrow.
The arrow hits you.
Found a stone staircase leading up.
The centaur shoots an arrow.
The arrow hits you!
The centaur shoots an arrow.
The arrow hits you!
The centaur shoots an arrow.
The arrow hits you!
A gnoll comes into view. It is wielding a +0 flail.
The centaur shoots an arrow.
The arrow hits you!
* * * LOW HITPOINT WARNING * * *
The gnoll shouts!
The centaur shoots an arrow.
The arrow hits you.
* * * LOW HITPOINT WARNING * * *
Okay, then.
Aiming: Mindburst
Press: ? - help, Shift-Dir - straight line, f - centaur
Aim: a centaur, wielding a +0 orcbow (chance to affect: 64%)
The centaur's mind is blasted!
You hear a shout!
The centaur shoots an arrow.
The arrow closely misses you.
A gnoll comes into view. It is wielding a +0 spear.
The centaur shoots an arrow.
The arrow hits you!
You die...

g. #. ## #. .. #. g# #. >#
###.######.#c#
.........>#.#######.
###.....<..$@?..$.....
.......##............#
#.......#.#..###.###.#
#........ #..# #># #.## .#
#.......#
#..###.##...####.##
#......#
#......#.#.#.##...#
##...#.#
##.##........##.#.#
#.###.####.##....#.#.##...#
#..........##......)...#.##


You could see a centaur and 2 gnolls.

Vanquished Creatures
  Maurice (D:7)
  Jeremiah (D:7)
  A troll (D:6)
  A hornet (D:7)
  2 orc warriors
  A sky beast (D:5)
  An ice beast (D:7)
  2 centaurs (D:7)
  An ogre (D:5)
  2 phantoms
  A kobold brigand (D:5)
  2 bullfrogs (D:7)
  2 gnoll sergeants
  2 scorpions
  7 wights (D:7)
  3 hounds
  4 orc priests
  2 bombardier beetles
  A sleepcap (D:5)
  2 iguanas
  Ijyb (D:2)
  5 orc wizards
  14 gnolls
  9 adders
  A shadow imp (D:7)
  A white imp (D:6)
  2 ufetubi (D:5)
  2 ribbon worms
  2 dart slugs
  13 orcs
  7 endoplasms
  2 giant cockroaches (D:1)
  8 hobgoblins
  4 jackals (D:3)
  6 quokkas
  5 ball pythons
  5 bats
  8 frilled lizards
  16 goblins
  13 kobolds
  6 rats
169 creatures vanquished.

Notes
Turn   | Place    | Note
-------+----------+-------------------------------------------
     0 | D:1      | Ashen the Troll Shapeshifter began the quest for the Orb.
     0 | D:1      | Reached XP level 1. HP: 18/18 MP: 0/0
   107 | D:1      | Reached skill level 1 in Fighting
   134 | D:1      | Reached XP level 2. HP: 27/27 MP: 1/1
   355 | D:1      | Reached XP level 3. HP: 33/33 MP: 2/2
   773 | D:2      | Found a faded altar of an unknown god.
   900 | D:2      | Found a burning altar of Makhleb.
   922 | D:2      | Became a worshipper of Makhleb the Destroyer
  1015 | D:2      | Reached XP level 4. HP: 23/41 MP: 3/3
  1344 | D:2      | Noticed Ijyb
  1374 | D:2      | Killed Ijyb
  1784 | D:3      | Noticed a phantom
  1791 | D:3      | Killed a phantom
  1791 | D:3      | Reached * piety under Makhleb
  1792 | D:3      | Reached XP level 5. HP: 33/49 MP: 4/4
  1865 | D:3      | Reached XP level 6. HP: 41/59 MP: 5/5
  2604 | D:4      | Reached ** piety under Makhleb
  2739 | D:4      | Reached XP level 7. HP: 21/67 MP: 6/6
  2987 | D:5      | Entered Level 5 of the Dungeon
  3133 | D:5      | Reached skill level 5 in Unarmed Combat
  3400 | D:5      | Reached skill level 5 in Shapeshifting
  3555 | D:5      | Reached XP level 8. HP: 64/78 MP: 7/7
  3762 | D:6      | Found a sparkling altar of Nemelex Xobeh.
  3762 | D:6      | Noticed a troll
  3773 | D:6      | Killed a troll
  4441 | D:6      | Found a glowing silver altar of Zin.
  4609 | D:7      | Reached skill level 5 in Dodging
  4616 | D:7      | Reached *** piety under Makhleb
  4649 | D:7      | Reached XP level 9. HP: 75/87 MP: 8/8
  4673 | D:7      | Reached skill level 5 in Fighting
  4683 | D:7      | HP: 6/132 [centaur/arrow (6)]
  4772 | D:7      | Noticed Maurice
  4783 | D:7      | Maurice stole a ring of ice
  4787 | D:7      | Something stole a blade talisman
  4789 | D:7      | Something stole 3 throwing nets
  4790 | D:7      | Something stole 366 gold
  4795 | D:7      | Killed Maurice
  4863 | D:7      | Found a staircase to the Ecumenical Temple.
  4869 | Temple   | Entered the Ecumenical Temple
  4901 | D:7      | Noticed Jeremiah
  5007 | D:7      | Killed Jeremiah
  5361 | D:7      | Shot with an arrow by a centaur

Illustrated notes

Levels and vault maps discovered:
D:1:      lemuel_arrival_room, layout_loops_ring
D:2:      kennysheep_the_goblin_king, layout_loops_corners, basic_altar,
          hellmonk_ecumenical_altar_blasted
D:3:      minmay_door_path, layout_rooms, serial_glass, glass_columns_a,
          glass_columns_c
D:4:      layout_loops_ring
D:5:      layout_rooms
D:6:      layout_cave_pools, zin_treasury, mainiacjoe_overflow_surrounded_room,
          chequers_serial_rivers_micro_d
D:7:      layout_loops_ring, minmay_temple_entry_grid, chequers_jeans,
          uniq_jeremiah, uniq_maurice
Temple:   dpeg_five_rooms_temple

Skill      XL: |  1  2  3  4  5  6  7  8  9 |
---------------+----------------------------+-----
Fighting       | 1 2 3 4 5 |  5.8
Dodging        | 2 3 4 5 6 |  6.0
Unarmed Combat | 4 5 6 7 |  7.6
Shapeshifting  | 4 5 6 7 |  7.1

Action                     |  1- 3 |  4- 6 |  7- 9 || total
---------------------------+-------+-------+-------++-------
  Melee: Unarmed           |    75 |   187 |   263 ||   525
         Punch             |     1 |     1 |     1 ||     3
Ability: Begin Untransform |     1 |     1 |     1 ||     3
  Evoke: Wand              |       |       |    14 ||    14
    Use: Potion            |       |     1 |     1 ||     2
   Stab: Sleeping          |     2 |       |       ||     2
 Armour: Animal skin       |    25 |     4 |       ||    29
         Skin              |     4 |    80 |   169 ||   253
         Troll leather arm |       |       |    10 ||    10
  Dodge: Dodged            |    32 |   111 |   179 ||   322
   Form: Flux              |     1 |     1 |     1 ||     3
         Blade             |       |       |     2 ||     2
